 Dungeon Crawl Stone Soup version 0.29.1-1-gd02db6906a (webtiles) character file.

Game seed: 12340730378519665617

418 MisterFreud the Twirler (level 7, -1/54 HPs)
             Began as a Formicid Gladiator on Sept 28, 2022.
             Slain by an ogre
             ... wielding a +0 giant club
              (11 damage)
             ... on level 5 of the Dungeon.
             The game lasted 00:04:34 (4563 turns).

MisterFreud the Twirler (Formicid Gladiator)        Turns: 4563, Time: 00:04:34

Health: -1/54      AC:  5    Str: 20    XL:     7   Next: 16%
Magic:  7/7        EV: 12    Int:  8    God:
Gold:   276        SH:  0    Dex: 15    Spells: 6/6 levels left

rFire   . . .      SeeInvis +   l - +2 whip (elec)
rCold   . . .      Faith    .   (no shield)
rNeg    . . .      Spirit   .   b - +0 leather armour
rPois   .          Reflect  .   (helmet unavailable)
rElec   .          Harm     .   k - +1 cloak
rCorr   .          Rampage  .   (no gloves)
Will    .....                   (no boots)
Stlth   +.........              (no amulet)
HPRegen 0.18/turn               (no ring)
MPRegen 0.10/turn               (no ring)

@: no status effects
A: permanent stasis, dig shafts and tunnels, antennae 3, four strong arms
a: Dig, Shaft Self


You were on level 5 of the Dungeon.
You visited 1 branch of the dungeon, and saw 5 of its levels.

You collected 276 gold pieces.

Inventory:

Hand Weapons
 a - a +1 quarterstaff
 l - a +2 whip of electrocution (weapon)
Missiles
 c - 3 throwing nets (quivered)
 d - a javelin
 h - 3 boomerangs
 t - 2 poisoned darts
Armour
 b - a +0 leather armour (worn)
 k - a +1 cloak (worn)
Jewellery
 g - an amulet of magic regeneration
 n - a ring of magical power
Potions
 e - 3 potions of curing
 f - 3 potions of heal wounds
 i - 2 potions of brilliance {unknown}
 j - 2 potions of ambrosia {unknown}
 m - 2 potions of flight
 o - 2 potions of mutation {unknown}
 u - a potion of cancellation {unknown}
 x - a potion of attraction {unknown}


   Skills:
 + Level 4.1 Fighting
 - Level 6.0 Staves
 - Level 2.0 Throwing
 + Level 3.2 Armour
 - Level 2.6 Dodging


You had 6 spell levels left.
You didn't know any spells.
Your spell library contained the following spells:

 Spells                   Type           Power      Damage    Failure   Level
 Apportation              Tloc           0%         N/A       45%         1
 Magic Dart               Conj           0%         1d3       45%         1
 Sandblast                Erth           0%         2d4       45%         1
 Summon Small Mammal      Summ           0%         N/A       45%         1
 Call Imp                 Summ           0%         N/A       58%         2
 Passwall                 Tmut/Erth      0%         N/A       58%         2
 Call Canine Familiar     Summ           0%         N/A       83%         3
 Mephitic Cloud           Conj/Pois/Air  0%         N/A       83%         3
 Stone Arrow              Conj/Erth      0%         3d7       83%         3
 Summon Guardian Golem    Hex/Summ       0%         N/A       83%         3
 Animate Armour           Summ/Erth      0%         N/A       99%         4
 Alistair's Intoxication  Tmut/Pois      0%         N/A       100%        5
 Lehudib's Crystal Spear  Conj/Erth      0%         10d2      100%        8


Dungeon Overview and Level Annotations

Branches:
Dungeon (5/15)
 Temple: D:4-7

Altars:
Ashenzari
Fedhas
Sif Muna
Vehumet

Shops:
D:1 :   D:3 =   D:4 =


Innate Abilities, Weirdness & Mutations

You cannot be hasted, slowed, berserked, paralysed or teleported.
You can dig through walls and to a lower floor.
You have a pair of large antennae on your head. (SInv)
Your four strong arms can wield two-handed weapons with a shield.


Message History

Found a scroll of amnesia.
The iguana bites the bush.
You see here a ring of magical power.
n - a ring of magical power You hit the iguana.
Lightning courses through the iguana!
The iguana is almost dead.
The iguana closely misses you.
You hit the iguana but do no damage.
The iguana is almost dead.
The iguana barely misses you.
You hit the iguana but do no damage. Lightning courses through the iguana!
You kill the iguana!
No target in view!
Okay, then.
m - 2 potions of flight (gained 1)
You now have 276 gold pieces (gained 19).
Found a blossoming altar of Fedhas.
You see here a +1 dagger of venom.
You open the door.
There is an open door here.
You sense a monster nearby.
An ogre comes into view. It is wielding a +0 giant club.
The ogre shouts!
You see here a brown potion.
An ogre is nearby!
An ogre is nearby!
The ogre hits you with a +0 giant club!
You completely miss the ogre. You hit the ogre.
The ogre is lightly wounded.
The ogre hits you with a +0 giant club!!
Ouch! That really hurt!
* * * LOW HITPOINT WARNING * * *
An ogre is nearby!
You are too injured to fight recklessly!
An ogre is nearby!
You are too injured to fight recklessly!
You hit the ogre.
The ogre is moderately wounded.
The ogre hits you with a +0 giant club!
You die...

### ### ##.# #.# .#.##########.#
.#.##.........#
.#.##.#######.###################
.#.##.# #......................
......# #.#.###################
#..#### #.#.#!@.# ## #..#
#.#.#.#O# #. #..# #.#.#.#... #.
#..# #.#.#.##### #. #...
#.#.#.###### #. ##.##
#.#.#......# ##. ...#
..#.######.##########..
#############.# #.##..........
#####......)..# #.##.###.....#


You could see an ogre.

Vanquished Creatures
  An ogre (D:5)
  5 hounds
  A jelly (D:5)
  An iguana (D:5)
  5 adders
  2 ufetubi
  2 worms (D:2)
  3 dart slugs (D:1)
  7 ball pythons
  6 endoplasms
  2 giant cockroaches
  6 goblins
  6 hobgoblins
  A jackal (D:2)
  9 kobolds
  2 quokkas
  3 bats (D:1)
  8 rats
70 creatures vanquished.

Notes
Turn   | Place    | Note
-------+----------+-------------------------------------------
     0 | D:1      | MisterFreud the Formicid Gladiator began the quest for the
                  | Orb.
     0 | D:1      | Reached XP level 1. HP: 16/16 MP: 1/1
   190 | D:1      | Reached XP level 2. HP: 18/22 MP: 2/2
   690 | D:1      | Reached skill level 4 in Staves
   690 | D:1      | Reached XP level 3. HP: 25/27 MP: 3/3
   740 | D:1      | Found Zimnomosh's Book Shoppe.
   960 | D:1      | Found a faded altar of an unknown god.
  1901 | D:2      | Reached XP level 4. HP: 21/33 MP: 4/4
  2355 | D:2      | Reached skill level 5 in Staves
  2771 | D:3      | Found Lonaxec's Jewellery Emporium.
  3044 | D:3      | Identified the -2 cloak of Diwooridie {rC- Will++ Dex+4}
  3284 | D:4      | Reached XP level 5. HP: 22/38 MP: 5/5
  3442 | D:4      | Found a shimmering blue altar of Sif Muna.
  3493 | D:4      | Found Kyranal's Jewellery Shoppe.
  3801 | D:4      | Reached skill level 6 in Staves
  3931 | D:5      | Entered Level 5 of the Dungeon
  3958 | D:5      | Reached skill level 1 in Armour
  3958 | D:5      | Reached XP level 6. HP: 38/46 MP: 6/6
  4027 | D:5      | Found a broken altar of Ashenzari.
  4253 | D:5      | Noticed an ogre
  4259 | D:5      | Killed an ogre
  4301 | D:5      | Reached XP level 7. HP: 44/54 MP: 7/7
  4410 | D:5      | Found a radiant altar of Vehumet.
  4449 | D:5      | Found a blossoming altar of Fedhas.
  4563 | D:5      | Slain by an ogre

Illustrated notes

Levels and vault maps discovered:
D:1:      sevenhm_arrival_forest_fort_small_6, layout_basic,
          hellmonk_ecumenical_altar_blasted, serial_shops, shop_coins
D:2:      minmay_alternating_diamond, layout_basic,
          minmay_fractal_squares_gapless_5
D:3:      layout_basic, serial_shops, nicolae_lakefront_shop
D:4:      layout_rooms, old_standard_altar, serial_shops, nicolae_shop_crystal
D:5:      layout_basic, cheibrodos_ashenzari_chains,
          mainiacjoe_overflow_catch_the_wave, serial_glass, glass_columns_a,
          glass_columns_a

Skill      XL: |  1  2  3  4  5  6 |
---------------+-------------------+-----
Staves         | 4 5 6 |  6.0
Armour         | 1 3 |  3.2
Fighting       | 4 |  4.1
Throwing       | |  2.0
Dodging        | |  2.6

Action                   |  1- 3 |  4- 6 |  7- 9 || total
-------------------------+-------+-------+-------++-------
Melee: Quarterstaff      |    63 |       |       ||    63
       Whip              |    29 |   108 |     6 ||   143
  Use: Scroll            |       |    12 |       ||    12
 Stab: Sleeping          |       |     1 |       ||     1
Armor: Leather armour    |    37 |    34 |       ||    71
Dodge: Dodged            |    56 |    53 |     2 ||   111
